 Dungeon Crawl Stone Soup version 0.18-a0-1626-g65af6d3 (webtiles) character file.

16774 Ladykiller69 the Cleaver (level 12, -7/97 HPs)
             Began as a Formicid Fighter on Mar 23, 2016.
             Was a High Priest of Cheibriados.
             Killed by divine providence
             ... invoked by an orc priest
              (15 damage)
             ... on level 15 of the Dungeon on Mar 25, 2016.
             The game lasted 02:46:33 (10456 turns).

Ladykiller69 the Cleaver (Formicid Fighter)        Turns: 10456, Time: 02:46:33

Health: -7/97      AC: 17    Str: 41    XL:     12   Next: 74%
Magic:  15/15      EV: 14    Int: 18    God:    Cheibriados [*****.]
Gold:   693        SH: 16    Dex: 32    Spells: 0 memorised, 11 levels left

rFire  . . .     SeeInvis +     F - +3 battleaxe of Yni Ucsa {pain, rC++ Int-3 Dex+7}
rCold  + + .     Gourm    .     w - +0 plate armour
rNeg   . . .     Faith    .     c - +0 shield
rPois  .         Spirit   .     (helmet unavailable)
rElec  .         Dismiss  .     (no cloak)
rCorr  .         Reflect  .     m - +2 pair of gloves
SustAt .         Harm     .     (no boots)
MR     +....                    (no amulet)
Stlth  ..........               r - +4 ring of strength
                                i - +3 ring of dexterity

@: very slow, somewhat resistant to hostile enchantments, extremely unstealthy
A: permanent stasis, dig shafts and tunnels, four strong arms, antennae 3
a: Dig, Shaft Self, Bend Time, Temporal Distortion, Slouch, Step From Time,
Renounce Religion


You were on level 15 of the Dungeon.
You worshipped Cheibriados.
Cheibriados was extremely pleased with you.
You were not hungry.

You visited 2 branches of the dungeon, and saw 14 of its levels.
You also visited: Sewer, Ossuary and Bailey.

You collected 765 gold pieces.
You spent 72 gold pieces at shops.

Inventory:

Hand Weapons
 a - a +0 war axe
 z - a +0 broad axe
 F - the +3 battleaxe of Yni Ucsa (weapon) {pain, rC++ Int-3 Dex+7}
   (You found it on level 15 of the Dungeon)

   In the hands of one skilled in necromantic magic, it inflicts extra damage on
   living creatures.
   It affects your intelligence (-3).
   It affects your dexterity (+7).
   It greatly protects you from cold.
Armour
 b - a +0 scale mail
 c - a +0 shield (worn)
 m - a +2 pair of gloves (worn)
 w - a +0 plate armour (worn)
 y - a steam dragon hide
Jewellery
 i - a +3 ring of dexterity (left hand)
 r - a +4 ring of strength (right hand)
Wands
 t - a wand of confusion (18/48)
Scrolls
 l - 2 scrolls of remove curse
 o - a scroll of enchant armour
 p - 3 scrolls of recharging
 s - 3 scrolls of fog
 v - 3 scrolls of identify
 C - a scroll of enchant weapon {unknown}
Potions
 d - 2 potions of might
 e - 2 potions of cure mutation
 k - a potion of experience {unknown}
 n - a potion of curing
 x - a potion of agility
 A - a potion of invisibility
 B - a potion of ambrosia
Books
 g - the Grimoire of Arcane Weapons
   (You found it in a bailey)

   Spells                             Type                      Level
   a - Searing Ray                    Conjuration                  2
   b - Dazzling Spray                 Conjuration/Hexes            3
   c - Throw Icicle                   Conjuration/Ice              4
   d - Force Lance                    Conjuration/Translocation    4
   e - Spellforged Servitor           Conjuration/Summoning        7
 G - a book of Cantrips

   Spells                             Type                      Level
   a - Corona                         Hexes                        1
   b - Animate Skeleton               Necromancy                   1
   c - Summon Small Mammal            Summoning                    1
   d - Apportation                    Translocation                1
Comestibles
 f - 8 bread rations
 h - 3 royal jellies
 j - 2 slices of pizza
 q - 2 meat rations
 u - 2 beef jerkies
 D - 5 chunks of flesh
 E - 3 fruits


   Skills:
 + Level 10.2 Fighting
 * Level 12.4 Axes
 + Level 10.0 Armour
 + Level 4.7 Dodging
 - Level 9.4 Shields
 + Level 4.4 Invocations


You had 11 spell levels left.
You didn't know any spells.

Dungeon Overview and Level Annotations

Branches:
Dungeon (15/15)            Temple (1/1) D:5
   Lair: D:8-11         Orc: D:9-12      Vaults: D:13-14     Depths: D:15

Altars:
Ashenzari
Cheibriados
Dithmenos
Elyvilon
Fedhas
Gozag
Kikubaaqudgha
Makhleb
Nemelex Xobeh
Okawaru
Pakellas
Qazlal
Ru
Sif Muna
Trog
Vehumet
Xom
Yredelemnul
Zin
The Shining One

Shops:
D:5 (   D:7 *   D:13 %

Annotations:
D:5 MordorOrchid's ghost, novice OpEE
D:7 Sargon's ghost, novice FoFi


Innate Abilities, Weirdness & Mutations

You are under a permanent stasis effect.
You can dig through walls and to a lower floor.
Your four strong arms can wield two-handed weapons with a shield.
You have a pair of large antennae on your head (SInv).


Message History

Evoke which item? (* to show all) (? for menu, Esc to quit)
Zapping:
t - a wand of confusion {zapped: 3} (will waste charges)
Press: ? - help, Shift-Dir - straight line, f/p - orc
Aim: an orc, wielding a trident and carrying a wand of lightning {zapped: 2} (chance to defeat MR: 81%)
The orc appears confused.
Evoking this partially-identified wand wasted a few charges.
An orc priest comes into view. It is wielding a dagger.
The orc priest shouts!
Found a spear.
A hill giant comes into view. It is wielding a giant spiked club.
The hill giant shouts!
The orc priest invokes the aid of Beogh against you.
Beogh smites you!
* * * LOW HITPOINT WARNING * * *
The orc wonders, "What am I doing in here?"
The orc zaps a wand.
The bolt of lightning hits the hill giant. x2
The orc priest invokes the aid of Beogh against you.
Beogh smites you!
You die...

.......... ...###..
....####.........
........ ...
..#...#..... . #.).).#
.. .....#..... ..
#.._..##.# #........
...#.).).#..# ##....#
............#####C.<..#
#... ##)..##....o#...##
#...#)...@.......o.../..
#...).#....####...o...#
#...###...o...........#
#.... .$..............#
.......
.#..#####.##...#...
........##..# #.#
#...... ........ #..# {
#... ...)... ...#
.......


You could see a hill giant, an orc priest and an orc (confused).

Vanquished Creatures
  Frances (D:13)
  An orc warlord (Bailey)
  2 centaur warriors
  An unseen horror (D:13)
  2 orc knights (Bailey)
  A hill giant (D:13)
  A deep elf mage (D:13)
  A griffon (D:15)
  2 manticores
  Maurice (D:8)
  An ugly thing (D:13)
  3 centaur zombies
  A yaktaur (D:15)
  A troll (D:13)
  4 slime creatures (D:13)
  2 wraiths
  2 hungry ghosts
  A steam dragon (D:9)
  2 hippogriffs
  A mottled dragon (D:14)
  12 orc warriors
  A sky beast (D:6)
  9 ice beasts (D:13)
  An eye of draining (D:8)
  2 black bears
  3 ogres
  2 phantoms
  2 centaurs
  4 giant frogs
  A big kobold (D:13)
  8 killer bees
  A scorpion (D:5)
  5 wights (D:5)
  2 howler monkeys (D:12)
  A jelly (D:14)
  2 crimson imps (D:5)
  2 human zombies (Ossuary)
  2 centaur skeletons
  4 hounds
  An orc priest (D:7)
  A gnoll shaman (D:7)
  8 orc wizards
  Jessica (D:2)
  2 iguanas
  7 worker ants
  A big kobold zombie (Ossuary)
  3 hound skeletons
  2 mummies (Ossuary)
  A worker ant zombie (D:5)
  Robin (D:3)
  9 gnolls
  A howler monkey skeleton (D:5)
  15 adders
  2 shadow imps (D:14)
  11 oozes
  An adder zombie (D:8)
  9 worms
  2 adder skeletons
  7 dart slugs
  17 giant geckos
  50 orcs
  9 ball pythons
  18 giant cockroaches
  31 goblins
  20 hobgoblins
  3 jackals
  7 quokkas
  8 bats
  A giant gecko skeleton (D:4)
  A giant gecko zombie (D:6)
  13 giant newts
  2 gnoll zombies (Ossuary)
  4 goblin zombies (Ossuary)
  3 hobgoblin zombies (Ossuary)
  2 jackal skeletons
  10 kobolds
  2 orc zombies (Ossuary)
  6 rats
  A spectral orc (D:8)
388 creatures vanquished.

Vanquished Creatures (others)
  A centaur skeleton (D:14)
  A hippogriff (D:14)
  A hungry ghost (D:14)
  A hound (D:14)
  A jelly (D:14)
5 creatures vanquished.

Grand Total: 393 creatures vanquished

Notes
Turn   | Place    | Note
--------------------------------------------------------------
     0 | D:1      | Ladykiller69 the Formicid Fighter began the quest for the Orb.
     0 | D:1      | Reached XP level 1. HP: 18/18 MP: 1/1
    80 | D:1      | Reached XP level 2. HP: 17/24 MP: 2/2
   315 | D:1      | Reached XP level 3. HP: 27/29 MP: 3/3
  1008 | D:2      | Reached skill level 3 in Axes
  1012 | D:2      | Noticed Jessica
  1015 | D:2      | Killed Jessica
  1015 | D:2      | Reached XP level 4. HP: 30/35 MP: 4/4
  1018 | D:2      | Found a stormy altar of Qazlal.
  1322 | D:2      | Reached XP level 5. HP: 42/42 MP: 5/5
  1621 | D:3      | Noticed Robin
  1631 | D:2      | Reached skill level 5 in Shields
  1699 | D:3      | Killed Robin
  2022 | D:3      | Reached XP level 6. HP: 38/48 MP: 6/6
  2227 | D:3      | Reached skill level 4 in Axes
  2313 | D:4      | Got a crude dagger
  3053 | D:4      | Reached XP level 7. HP: 40/55 MP: 7/7
  3180 | D:5      | Entered Level 5 of the Dungeon
  3245 | D:5      | Found a staircase to the Ecumenical Temple.
  3265 | Temple   | Entered the Ecumenical Temple
  3434 | D:5      | Noticed MordorOrchid's ghost (novice OpEE)
  3554 | D:5      | Found a glowing drain.
  3583 | Sewer    | Entered a sewer
  3670 | Sewer    | Reached skill level 5 in Axes
  3960 | Sewer    | Reached skill level 5 in Fighting
  3960 | Sewer    | Reached skill level 5 in Armour
  3960 | Sewer    | Reached XP level 8. HP: 21/62 MP: 8/8
  4263 | D:6      | Reached skill level 6 in Axes
  4526 | D:5      | Found Huriosur's Antique Weapon Emporium.
  4799 | D:6      | Reached skill level 7 in Axes
  4799 | D:6      | Reached XP level 9. HP: 38/69 MP: 9/9
  4833 | D:6      | Upgraded the game from 0.18-a0-1577-gf591c28 to 0.18-a0-1626-g65af6d3
  4889 | D:6      | Found a sparkling altar of Nemelex Xobeh.
  4966 | D:7      | Noticed Sargon's ghost (novice FoFi)
  5541 | D:7      | Found Bygyonox's General Store.
  5549 | D:7      | Bought 2 potions of curing for 72 gold pieces
  6067 | D:7      | Found a sacrificial altar of Ru.
  6209 | D:8      | Reached skill level 8 in Axes
  6288 | D:8      | Found a basalt altar of Yredelemnul.
  6341 | D:8      | Noticed Maurice
  6364 | D:8      | Killed Maurice
  6587 | D:8      | Reached XP level 10. HP: 50/77 MP: 10/10
  6684 | D:8      | Found a sand-covered staircase.
  6689 | Ossuary  | Entered an ossuary
  7359 | D:9      | Found a deep blue altar of Sif Muna.
  7359 | D:9      | Found a snail-covered altar of Cheibriados.
  7361 | D:9      | Found a shattered altar of Ashenzari.
  7367 | D:9      | Became a worshipper of Cheibriados the Contemplative
  7426 | D:9      | Reached skill level 9 in Axes
  7453 | D:9      | HP: 1/79 [killer bee (8)]
  7457 | D:9      | You fall through a shaft for 3 floors!
  7457 | D:12     | Noticed a hill giant
  7457 | D:12     | Noticed a hill giant
  7457 | D:12     | Noticed a deep elf mage
  7460 | D:12     | You fall through a shaft for 2 floors!
  7463 | D:14     | You fall through a shaft!
  7463 | D:15     | Entered Level 15 of the Dungeon
  7475 | D:15     | Got a slimy battleaxe
  7481 | D:15     | Identified the +3 battleaxe of Yni Ucsa {pain, rC++ Int-3 Dex+7} (You found it on level 15 of the Dungeon)
  7779 | D:15     | Noticed a yaktaur
  7797 | D:15     | Killed a yaktaur
  7825 | D:15     | Noticed a griffon
  7949 | D:14     | Noticed a six-headed hydra
  7953 | D:14     | You fall through a shaft!
  8001 | D:14     | You fall through a shaft!
  8001 | D:15     | Noticed a centaur warrior
  8011 | D:15     | Killed a centaur warrior
  8011 | D:15     | Reached * piety under Cheibriados
  8572 | D:13     | Noticed an unseen horror
  8582 | D:13     | Killed an unseen horror
  8617 | D:13     | Reached skill level 10 in Axes
  8628 | D:13     | Found a flagged portal.
  8631 | D:13     | Noticed a manticore
  8647 | D:13     | Killed a manticore
  8751 | Bailey   | Entered a bailey
  8989 | Bailey   | Reached XP level 11. HP: 82/86 MP: 11/11
  9045 | Bailey   | Reached ** piety under Cheibriados
  9253 | Bailey   | Reached *** piety under Cheibriados
  9258 | Bailey   | Reached skill level 1 in Dodging
  9373 | Bailey   | Noticed an orc warlord
  9373 | Bailey   | Noticed an orc knight
  9375 | Bailey   | Noticed an orc knight
  9394 | Bailey   | Killed an orc warlord
  9400 | Bailey   | Killed an orc knight
  9400 | Bailey   | Reached skill level 11 in Axes
  9404 | Bailey   | Killed an orc knight
  9572 | Bailey   | Identified the Grimoire of Arcane Weapons
  9649 | D:13     | Reached **** piety under Cheibriados
  9664 | D:13     | Reached skill level 1 in Invocations
  9917 | D:13     | Noticed a cyan ugly thing
  9925 | D:13     | Reached XP level 12. HP: 94/96 MP: 13/13
  9989 | D:13     | Found Hipyjom's Food Emporium.
 10013 | D:13     | Noticed Frances
 10021 | D:13     | Killed Frances
 10021 | D:13     | Reached skill level 12 in Axes
 10043 | D:13     | Noticed a six-headed hydra
 10145 | D:12     | Noticed a five-headed hydra
 10153 | D:12     | Reached ***** piety under Cheibriados
 10171 | D:13     | Noticed a centaur warrior
 10177 | D:13     | Killed a centaur warrior
 10238 | D:14     | You fall through a shaft!
 10314 | D:13     | Reached skill level 10 in Fighting
 10317 | D:13     | You fall through a shaft for 2 floors!
 10317 | D:15     | Found an iron altar of Okawaru.
 10408 | D:15     | Reached skill level 10 in Armour
 10456 | D:15     | Killed from afar by an orc priest

Vault maps used:
D:1:      dpeg_chamrin_arrival_tetris
D:2:      grunt_qazlal_clouds, uniq_jessica, uniq_crazy_yiuf_cottage
D:3:      minmay_quantized, uniq_robin
D:4:      first_bread
D:5:      minmay_temple_entry_grid, serial_shops, shop, portal_sewer_entry_f
D:6:      overflow_temple_1_default
D:7:      kennysheep_little_box, serial_shops, shop
D:8:      yredelemnul_forgotten_temple_becter, enter_ossuary_3, uniq_maurice
D:9:      gammafunk_temple_overflow_claw, orc_0_dummy, serial_shops,
          nicolae_shop_window_shopping, david_nohive_1
D:12:     uniq_sonja
D:13:     portal_ice_cave_entry_ice_beasts, enter_bailey_2, serial_shops, shop,
          uniq_frances
D:14:     grunt_vaults_entry_tiered, minmay_misc_feat_room,
          lemuel_flamethrower_2
D:15:     grunt_enter_depths_snipers, kennysheep_crisscross, special_room,
          okawaru_ov_weapons_minmay
Temple:   nicolae_temple_figure_eight
Sewer:    sewer_frog_island_02
Ossuary:  minmay_ossuary_gauntlet
Bailey:   bailey_axe_minmay_hex_keep, bailey

Skill      XL: |  1  2  3  4  5  6  7  8  9 10 11 12 |
---------------+-------------------------------------+-----
Shields        | 4 5 6 8 9 |  9.4
Axes           | 3 4 5 7 8 10 11 12 | 12.4
Fighting       | 4 5 6 8 9 10 | 10.2
Armour         | 4 5 7 8 9 10 | 10.0
Dodging        | 3 4 |  4.7
Invocations    | 1 4 |  4.4

Action                   |  1- 3 |  4- 6 |  7- 9 | 10-12 || total
-------------------------+-------+-------+-------+-------++-------
Melee: War axe           |   102 |   243 |   519 |   126 ||   990
       Battleaxe         |       |       |       |   366 ||   366
 Abil: Dig               |     3 |       |     2 |    11 ||    16
       Shaft Self        |       |       |       |     7 ||     7
Evoke: Wand              |       |       |       |     2 ||     2
  Use: Scroll            |       |       |     9 |       ||     9
       Potion            |       |       |     1 |    14 ||    15
 Stab: Invisible         |       |       |       |     9 ||     9
  Eat: Chunk             |     1 |     6 |    16 |    15 ||    38
